 Dungeon Crawl Stone Soup version 0.30.1-11-g7821555f0a (webtiles) character file.

Game seed: 16664864288313428872

363 hawla the Firebug (level 7, 0/51 HPs)
             Began as a Meteoran Fire Elementalist on Dec 13, 2023.
             Slain by a hound (3 damage)
             ... on level 4 of the Dungeon.
             The game lasted 00:05:02 (615 turns).

hawla the Firebug (Meteoran Fire Elementalist)       Turns: 615, Time: 00:05:03

Health: 0/51       AC:  2    Str: 11    XL:     7   Next: 20%
Magic:  0/15       EV: 13    Int: 18    God:
Gold:   16         SH:  0    Dex: 14    Spells: 9/16 levels left

rFire   . . .        g - +0 flail
rCold   . . .        (no shield)
rNeg    . . .        a - +0 robe
rPois   .            (no helmet)
rElec   .            (no cloak)
rCorr   .            (no gloves)
SInv    .            (no boots)
Will    .....        (no amulet)
Stlth   +            (no ring)
HPRegen 0.28/turn    (no ring)
MPRegen 0.14/turn

%: no passive effects
@: very slightly contaminated, glowing
A: sense surroundings 1, otherworldly, glowing, explore regen
a: no special abilities


You were on level 4 of the Dungeon.
You visited 1 branch of the dungeon, and saw 4 of its levels.

You collected 58 gold pieces.
You spent 42 gold pieces at shops.

Inventory:

Hand Weapons
 g - a +0 flail (weapon)
Armour
 a - a +0 robe (worn)
Potions
 b - 2 potions of magic
 c - a potion of ambrosia
 d - a potion of resistance
 e - a potion of haste {unknown}
 f - a potion of flight {unknown}
 h - a potion of brilliance {unknown}
 k - 2 potions of degeneration {unknown}
 l - a potion of curing


   Skills:
 - Level 0.5 Fighting
 - Level 3.2 Dodging
 - Level 1.4 Stealth
 - Level 5.0 Spellcasting
 + Level 4.3 Conjurations
 - Level 5.7 Fire Magic


You had 9 spell levels left.
You knew the following spells:

 Your Spells              Type           Power      Damage    Failure   Level
a - Foxfire               Conj/Fire      88%        2x1d8     1%          1
b - Scorch                Fire           50%        2d7       1%          2
c - Flame Wave            Conj/Fire      22%        2d8       17%         4

Your spell library contained the following spells:

 Spells                   Type           Power      Damage    Failure   Level
 Inner Flame              Hex/Fire       14%        N/A       12%         3
 Volatile Blastmotes      Fire/Tloc      28%        2d12      12%         3


Dungeon Overview and Level Annotations

Branches:
Dungeon (4/15) Zot: 1784
 Temple: D:4-7

Altars:
Ashenzari
Cheibriados
Elyvilon
Hepliaklqana
Kikubaaqudgha
Makhleb
Xom

Shops:
D:2 !


Innate Abilities, Weirdness & Mutations

You passively map a small area around you.
You are easily found by Zot.
You glow in the dark.
You regain HP and MP as you explore.


Message History

* * * LOW HITPOINT WARNING * * *
The black bear claws you.
* * * LOW HITPOINT WARNING * * *
The black bear closely misses you.
You sock the black bear!
You kill the black bear!
Your Conjurations skill increases to level 4!
You have reached level 7!
The hound attacks as you move away! The hound bites you.
* * * LOW HITPOINT WARNING * * *
You see here a +0 flail.
The hound attacks as you move away! The hound bites you.
* * * LOW HITPOINT WARNING * * *
The hound bites you.
* * * LOW HITPOINT WARNING * * *
You see here 10 gold pieces.
Found a stone staircase leading down.
The hound barely misses you.
Casting: Flame Wave (quite dangerous; 17% risk of failure)
Confirm with . or Enter, or press ? or * to list all spells.
Flames lash the hound.
The hound is moderately wounded.
The hound's fire resistance burns away.
The hound bites you.
* * * LOW HITPOINT WARNING * * *
Unknown command.
Casting: Scorch (safe; 1% risk of failure)
Confirm with . or Enter, or press ? or * to list all spells.
You don't have enough magic to cast this spell.
Casting: Scorch (safe; 1% risk of failure)
Confirm with . or Enter, or press ? or * to list all spells.
You conjure some foxfire!
The hound completely misses you. The hound closely misses you.
The foxfire hits the hound.
The hound is burned terribly!
The hound is severely wounded.
The foxfire hits the hound.
The hound is burned terribly!
The hound is almost dead.
You closely miss the hound.
The hound is almost dead.
The hound barely misses you. The hound bites you.
You die...

* , ### ** ...
..# * #.#* *#.#
#.# #.## #.# #..
#.# #.# #.#####)#
##.####.!...[†#.#
#......@h.$)....#
##>####...####..#
* ##### *..# *,
..# * ..# *..# *
*..# * *,


You could see a hound (combustible).

Vanquished Creatures
  Grinder (D:3)
  A black bear (D:4)
  3 adders
  2 dart slugs
  4 orcs
  2 ball pythons
  2 bats (D:2)
  6 endoplasms
  4 giant cockroaches
  A goblin (D:1)
  4 jackals (D:2)
  A quokka (D:1)
  5 frilled lizards
  A kobold (D:2)
  A rat (D:2)
38 creatures vanquished.

Vanquished Creatures (others)
  A giant cockroach (D:1)
  84 foxfires
85 creatures vanquished.

Grand Total: 123 creatures vanquished

Notes
Turn   | Place    | Note
-------+----------+-------------------------------------------
     0 | D:1      | hawla the Meteoran Fire Elementalist began the quest for
                  | the Orb.
     0 | D:1      | Reached XP level 1. HP: 14/14 MP: 5/5
     2 | D:1      | Noticed a tengu
     2 | D:1      | Noticed a merfolk
     4 | D:1      | Noticed a vampire
     4 | D:1      | Noticed an elf
     6 | D:1      | Noticed a demigod
     6 | D:1      | Noticed an armataur
     8 | D:1      | Noticed a meteoran
     8 | D:1      | Noticed a minotaur
    13 | D:1      | Noticed an octopode
    13 | D:1      | Noticed a felid
    15 | D:1      | Noticed a gargoyle
    18 | D:1      | Noticed a formicid
    18 | D:1      | Noticed a spriggan
    20 | D:1      | Noticed a draconian
    20 | D:1      | Noticed a ghoul
    22 | D:1      | Noticed a naga
    22 | D:1      | Noticed a human
    24 | D:1      | Noticed a troll
    24 | D:1      | Noticed a vine stalker
    26 | D:1      | Noticed a demonspawn
    26 | D:1      | Noticed a spriggan
    28 | D:1      | Noticed a draconian
    53 | D:1      | Reached XP level 2. HP: 20/20 MP: 0/6
    56 | D:1      | Learned a level 2 spell: Scorch
   135 | D:2      | Reached XP level 3. HP: 15/26 MP: 0/8
   182 | D:2      | Found Utrec's Distillery.
   202 | D:2      | Reached XP level 4. HP: 30/33 MP: 6/10
   495 | D:2      | Bought a potion of curing for 42 gold pieces
   524 | D:3      | Found a broken altar of Ashenzari.
   527 | D:3      | Found a hazy altar of Hepliaklqana.
   534 | D:3      | Found an ancient bone altar of Kikubaaqudgha.
   539 | D:3      | Found a snail-covered altar of Cheibriados.
   540 | D:3      | Found a white marble altar of Elyvilon.
   542 | D:3      | Found a burning altar of Makhleb.
   547 | D:3      | Found a shimmering altar of Xom.
   563 | D:3      | Noticed Grinder
   574 | D:3      | Killed Grinder
   575 | D:3      | Reached skill level 5 in Spellcasting
   575 | D:3      | Reached skill level 5 in Fire Magic
   575 | D:3      | Reached XP level 5. HP: 29/39 MP: 6/13
   575 | D:3      | Reached XP level 6. HP: 34/46 MP: 6/14
   580 | D:3      | Learned a level 4 spell: Flame Wave
   598 | D:4      | Noticed a black bear
   607 | D:4      | Killed a black bear
   608 | D:4      | Reached XP level 7. HP: 7/51 MP: 1/15
   609 | D:4      | HP: 2/51 [hound (4)]
   615 | D:4      | Slain by a hound

Illustrated notes

Levels and vault maps discovered:
D:1:      kb_arrival_jail, layout_rooms
D:2:      layout_rooms, serial_shops, nicolae_shop_competitors_out_of_business
D:3:      layout_loops_ring, nicolae_overflow_hallway_of_the_gods, uniq_terence,
          uniq_robin, uniq_grinder
D:4:      layout_loops_ring, mainiacjoe_overflow_alcove_2

Skill      XL: |  1  2  3  4  5  6 |
---------------+-------------------+-----
Fire Magic     | 4 5 |  5.7
Spellcasting   | 3 5 |  5.0
Dodging        | 3 |  3.2
Conjurations   | 2 4 |  4.3
Fighting       | |  0.5
Stealth        | |  1.4

Action                     |  1- 3 |  4- 6 |  7- 9 || total
---------------------------+-------+-------+-------++-------
  Melee: Unarmed           |    10 |     3 |       ||    13
         Flail             |       |     2 |     1 ||     3
   Cast: Foxfire           |    28 |    17 |     1 ||    46
         Scorch            |     2 |     7 |     1 ||    10
         Flame Wave        |       |     2 |       ||     2
    Use: Scroll            |     2 |     3 |       ||     5
         Potion            |       |     1 |       ||     1
 Armour: Robe              |     6 |     5 |       ||    11
  Dodge: Dodged            |     7 |    20 |     4 ||    31
